 Dungeon Crawl Stone Soup version 0.18-a0-62-gc15d2f0 (webtiles) character file.

774 Duffy the Blocker (level 8, -8/57 HPs)
             Began as a Formicid Artificer on Nov 10, 2015.
             Killed by divine providence
             ... invoked by an orc priest
              (14 damage)
             ... on level 5 of the Dungeon.
             The game lasted 00:06:58 (5571 turns).

Duffy the Blocker (Formicid Artificer)              Turns: 5571, Time: 00:06:59

Health: -8/57      AC:  7    Str: 16    XL:     8   Next: 10%
Magic:  10/10      EV: 10    Int: 12    God:
Gold:   276        SH: 11    Dex: 13    Spells: 0 memorised, 7 levels left

rFire  . . .     SeeInvis +     l - +1 dagger (elec)
rCold  . . .     Clarity  .     n - +0 scale mail
rNeg   . . .     SustAt   .     g - +0 shield
rPois  .         Gourm    .     (helmet unavailable)
rElec  .         Spirit   .     (no cloak)
rCorr  .         Warding  .     o - +0 pair of gloves (curse)
rMut   .         Stasis   +     (no boots)
MR     .....                    (no amulet)
Stlth  ..........               (no ring)
                                (no ring)

@: not resistant to hostile enchantments, extremely unstealthy
A: permanent stasis, dig shafts and tunnels, four strong arms, antennae 3
a: Dig, Shaft Self


You were on level 5 of the Dungeon.
You were hungry.

You visited 2 branches of the dungeon, and saw 6 of its levels.

You collected 276 gold pieces.


Innate Abilities, Weirdness & Mutations

You are under a permanent stasis effect.
You can dig through walls and to a lower floor.
Your four strong arms can wield two-handed weapons with a shield.
You have a pair of large antennae on your head (SInv).


   Skills:
 + Level 2.5 Fighting
 - Level 1.0 Short Blades
 + Level 2.1 Armour
 - Level 2.2 Dodging
 - Level 1.2 Stealth
 - Level 9.0 Shields
 - Level 3.2 Evocations


You had 7 spell levels left.
You didn't know any spells.

Inventory:

Hand Weapons
 a - a +0 short sword
 l - a +1 dagger of electrocution (weapon)
 m - a +2 antimagic dagger
 y - a +0 flail
 A - a +0 dagger of venom
 C - a +1 dagger of venom
Missiles
 q - 21 poisoned needles
 D - 2 tomahawks of returning (quivered)
Armour
 b - a +0 leather armour
 g - a +0 shield (worn)
 n - a +0 scale mail (worn)
 o - a cursed +0 pair of gloves (worn)
Wands
 c - a wand of flame (14)
 d - a wand of enslavement (15)
 e - a wand of random effects (14)
Scrolls
 h - a scroll of blinking {unknown}
 k - 4 scrolls of remove curse {unknown}
 u - 2 scrolls of fog {unknown}
 v - a scroll of random uselessness {unknown}
 w - 2 scrolls of enchant weapon {unknown}
 z - a scroll of noise {unknown}
 B - a scroll of magic mapping {unknown}
 E - a scroll of teleportation {unknown}
 F - a scroll of recharging {unknown}
 H - a scroll of amnesia {unknown}
Potions
 j - 3 potions of heal wounds
 r - a potion of brilliance {unknown}
 s - a potion of lignification {unknown}
 t - 2 potions of agility {unknown}
 x - 2 potions of flight
 G - 2 potions of curing {unknown}
Comestibles
 f - 5 bread rations
 i - 2 beef jerkies
 p - 3 meat rations
 I - 2 royal jellies

Dungeon Overview and Level Annotations

Branches:
Dungeon (5/15)             Temple (1/1) D:4

Altars:
Ashenzari
Dithmenos
Fedhas
Kikubaaqudgha
Makhleb
Qazlal
Ru
Trog
Vehumet
Yredelemnul
The Shining One

Shops:
D:5 =


Message History

You are too injured to fight recklessly!
You are too injured to fight recklessly!
You are too injured to fight recklessly!
You are too injured to fight recklessly!
You are too injured to fight recklessly!
You are too injured to fight recklessly!
You are too injured to fight recklessly!
You are too injured to fight recklessly!
You are too injured to fight recklessly!
You are too injured to fight recklessly!
You are too injured to fight recklessly!
You are too injured to fight recklessly!
You are too injured to fight recklessly!
An orc wizard comes into view. It is wielding a dagger.
The orc wizard shouts!
An orc priest comes into view. It is wielding a trident.
An orc priest comes into view. It is wielding a mace.
The orc priest shouts!
The orc barely misses you.
The orc wizard mumbles some strange words.
The orc wizard blinks!
An orc wizard comes into view. It is wielding a dagger.
The orc priest calls down the wrath of Beogh upon you.
Pain shoots through your body!
The orc wizard points at you and mumbles some strange words.
Your stasis keeps you stable.
You block the orc wizard's attack.
The orc priest hits you from afar with a trident.
You block the orc wizard's attack.
The orc priest casts a cantrip, but nothing happens.
The troll closely misses you. You block the troll's attack.
The troll closely misses you.
The orc priest invokes the aid of Beogh against you.
Something smites you!
You die...

$.#.###...................#.#.
#####..........∩.....#.#
#..o#####.......#### #oo.#
##....)##### #.oo# ##.........
###...### ##.#(#####
#....T..###.##.#(#####
#.......)..# #.....)##
#....@..###.####.##.##
###...#####.####....(.
########...........####...<
#.......#........#.####...#
##.##........####.......####
#.....##.#.### #.#.###.#
#####..#####.#.# #.###.#
#.......####.#.# #.#..##.#
#.###........... #.##.##.#


You could see a troll, 2 orc priests, 2 orc wizards and an orc.

Action                   |  1- 3 |  4- 6 |  7- 9 || total
-------------------------+-------+-------+-------++-------
Melee: Short sword       |    18 |       |       ||    18
       Dagger            |    98 |   237 |    76 ||   411
 Abil: Dig               |     1 |     4 |       ||     5
Evoke: Wand              |     2 |       |       ||     2
  Use: Scroll            |       |     3 |       ||     3
 Stab: Sleeping          |     2 |       |       ||     2
  Eat: Chunk             |     2 |    10 |     3 ||    15

Notes
Turn   | Place    | Note
--------------------------------------------------------------
     0 | D:1      | Duffy the Formicid Artificer began the quest for the Orb.
     0 | D:1      | Reached XP level 1. HP: 15/15 MP: 3/3
   253 | D:1      | Reached skill level 1 in Shields
   289 | D:1      | Reached skill level 2 in Shields
   289 | D:1      | Reached XP level 2. HP: 11/21 MP: 4/4
   962 | D:1      | Reached XP level 3. HP: 26/26 MP: 5/5
   994 | D:1      | Reached skill level 3 in Shields
  1567 | D:2      | Noticed Sigmund
  1641 | D:2      | Noticed Sigmund
  1641 | D:2      | Sigmund changed into Sigmund the sheep
  1890 | D:2      | Found a glowing golden altar of the Shining One.
  2009 | D:2      | Found a faded altar to an unknown god.
  2130 | D:2      | Reached XP level 4. HP: 17/32 MP: 6/6
  2534 | D:3      | Reached skill level 4 in Shields
  2751 | D:3      | Reached skill level 5 in Shields
  2773 | D:3      | Noticed Robin
  2784 | D:3      | Reached XP level 5. HP: 32/37 MP: 7/7
  2797 | D:3      | Killed Robin
  3042 | D:3      | Reached skill level 6 in Shields
  3047 | D:3      | Reached XP level 6. HP: 22/43 MP: 8/8
  3314 | D:3      | Noticed Ijyb
  3333 | D:3      | Killed Ijyb
  3503 | D:3      | Reached skill level 7 in Shields
  4014 | D:4      | Killed Sigmund the sheep
  4244 | D:4      | Found a staircase to the Ecumenical Temple.
  4248 | Temple   | Entered the Ecumenical Temple
  4752 | D:4      | Noticed a black bear
  4763 | D:4      | Killed a black bear
  4763 | D:4      | Reached skill level 8 in Shields
  4763 | D:4      | Reached XP level 7. HP: 24/48 MP: 9/9
  4973 | D:5      | Entered Level 5 of the Dungeon
  5079 | D:5      | Reached skill level 9 in Shields
  5187 | D:5      | Found Liatwine's Jewellery Emporium.
  5224 | D:5      | Reached skill level 1 in Armour
  5224 | D:5      | Reached skill level 2 in Dodging
  5396 | D:5      | Reached skill level 2 in Fighting
  5396 | D:5      | Reached XP level 8. HP: 51/56 MP: 10/10
  5491 | D:5      | Reached skill level 2 in Armour
  5554 | D:5      | Noticed a troll
  5571 | D:5      | Killed from afar by an orc priest

Vault maps used:
D:1:      dpeg_arrival_chambers_temple_mockup
D:2:      ecumenical_altar_2, first_bread, tso_metal_star, uniq_sigmund
D:3:      uniq_robin, uniq_iyjb
D:4:      black_bear_nest_1, minmay_temple_entry_grid
D:5:      serial_shops, shop
Temple:   triangle_lava_temple_11

Vanquished Creatures
  A black bear
  2 centaurs
  A water moccasin zombie
  A scorpion
  2 hounds
  A centaur zombie Ijyb
  A centaur skeleton
  A sheep
  A hound skeleton Robin
  8 adders
  4 gnolls
  2 shadow imps
  2 oozes
  2 worms
  3 giant geckos
  7 orcs
  4 bats
  3 giant cockroaches
  18 goblins
  9 hobgoblins
  2 jackals
  3 quokkas
  A ball python
  A giant cockroach zombie
  3 giant newts
  4 kobolds
  A quokka zombie
  4 rats
94 creatures vanquished.
